TOP OF THE 1ST |
Arkansas Travelers batting - Pitching for Jackson Generals : RHP Justin Lee
|
Pitching: RHP Justin Lee
|
|
Batting: RHB Jasper Burd
|
0-0: Ball 1-0: Called Strike 1-1: Foul Ball, location: 2F 1-2: Strikes out swinging
|
Batting: RHB Bjoern Waltersson
|
0-0: Foul Ball, location: 2F 0-1: Ball 1-1: Foul Ball, location: 2F 1-2: Ball 2-2: Ground out 6-3 (Groundball, 6, EV 91.2 MPH)
|
Batting: LHB Matt Calitri
|
0-0: Ball 1-0: Called Strike 1-1: Ball 2-1: Fly out, F5 (Popup, 15, EV 80.6 MPH)
|
Top of the 1st over - 0 runs, 0 hits, 0 errors, 0 left on base; Arkansas 0 - Jackson 0 |
BOTTOM OF THE 1ST |
Jackson Generals batting - Pitching for Arkansas Travelers : RHP Robbie Delgado
|
Pitching: RHP Robbie Delgado
|
|
Batting: RHB Malik Brookshire
|
0-0: Swinging Strike 0-1: Foul Ball, location: 2F 0-2: Ball 1-2: Ground out 6-3 (Groundball, 6S, EV 82.5 MPH)
|
Batting: LHB Ignacio Bernal
|
0-0: Ball 1-0: Ground out 6-3 (Groundball, 56, EV 103.8 MPH)
|
Batting: LHB Jerrod Cluck
|
0-0: Ball 1-0: Fly out, F7 (Flyball, 7, EV 94.4 MPH)
|
Bottom of the 1st over - 0 runs, 0 hits, 0 errors, 0 left on base; Arkansas 0 - Jackson 0 |
TOP OF THE 2ND |
Arkansas Travelers batting - Pitching for Jackson Generals : RHP Justin Lee
|
Batting: SHB Mario Padron
|
0-0: Ball 1-0: Foul Ball, location: 2F 1-1: SOLO HOME RUN (Flyball, 89XD, EV 101.9 MPH), Distance : 426 ft
|
Batting: LHB Barrfhionn O'Toole
|
0-0: Hit by Pitch
|
Batting: RHB Melvin Gomez
|
0-0: Ball 1-0: SINGLE (Groundball, 34S, EV 71.2 MPH) (infield hit) Barrfhionn O'Toole to second
|
Batting: RHB Jose Pineda
|
0-0: Called Strike 0-1: Grounds into double play, 6-4-3 (Groundball, 6, EV 86.9 MPH) Barrfhionn O'Toole to third
|
Batting: RHB David Young
|
0-0: Ball 1-0: Foul Ball, location: 2F 1-1: Foul Ball, location: 2F 1-2: Foul Ball, location: 2F 1-2: Foul Ball, location: 2F 1-2: Strikes out looking
|
Top of the 2nd over - 1 run, 2 hits, 0 errors, 1 left on base; Arkansas 1 - Jackson 0 |
BOTTOM OF THE 2ND |
Jackson Generals batting - Pitching for Arkansas Travelers : RHP Robbie Delgado
|
Batting: LHB Cliff Thomas
|
0-0: Ball 1-0: Foul Ball, location: 2F 1-1: Swinging Strike 1-2: Ball 2-2: Ground out U3 (Groundball, 3, EV 80.6 MPH)
|
Batting: RHB Harutomi Matsubara
|
0-0: Called Strike 0-1: SOLO HOME RUN (Flyball, 7D, EV 102.5 MPH), Distance : 415 ft
|
Batting: RHB Tony Vargas
|
0-0: Ball 1-0: Ball 2-0: Called Strike 2-1: Fly out, F8 (Line Drive, 8RD, EV 102.5 MPH)
|
Batting: LHB Tom Reynolds
|
0-0: Ball 1-0: Ball 2-0: Foul Ball, location: 2F 2-1: Foul Ball, location: 2F 2-2: Foul Ball, location: 2F 2-2: Strikes out swinging
|
Bottom of the 2nd over - 1 run, 1 hit, 0 errors, 0 left on base; Arkansas 1 - Jackson 1 |
TOP OF THE 3RD |
Arkansas Travelers batting - Pitching for Jackson Generals : RHP Justin Lee
|
Batting: RHB Roberto Martinez
|
0-0: Called Strike 0-1: Foul Ball, location: 2F 0-2: Ground out 5-3 (Groundball, 56, EV 106.2 MPH)
|
Batting: RHB Jasper Burd
|
0-0: Foul Ball, location: 2F 0-1: SINGLE (Groundball, 5S, EV 76.9 MPH) (infield hit)
|
Batting: RHB Bjoern Waltersson
|
0-0: Called Strike 0-1: Ball Jasper Burd steals 2nd base 1-1: Ball 2-1: Foul Ball, location: 2F 2-2: Foul Ball, location: 2F 2-2: Fly out, F7 (Flyball, 7, EV 90.0 MPH)
|
Batting: LHB Matt Calitri
|
0-0: Foul Ball, location: 2F 0-1: Called Strike 0-2: Strikes out swinging
|
Top of the 3rd over - 0 runs, 1 hit, 0 errors, 1 left on base; Arkansas 1 - Jackson 1 |
BOTTOM OF THE 3RD |
Jackson Generals batting - Pitching for Arkansas Travelers : RHP Robbie Delgado
|
Batting: RHB Brad Robidas
|
0-0: Called Strike 0-1: Called Strike 0-2: SINGLE (Groundball, 5L, EV 97.5 MPH)
|
Batting: LHB Matt Purke Jr.
|
0-0: Called Strike 0-1: Ball 1-1: Ball 2-1: Grounds into double play, 4-6-3 (Groundball, 4S, EV 91.2 MPH)
|
Batting: RHB Malik Brookshire
|
0-0: Called Strike 0-1: Ball 1-1: Swinging Strike 1-2: Ball 2-2: Ball 3-2: Base on Balls
|
Batting: LHB Ignacio Bernal
|
0-0: Called Strike 0-1: Ball 1-1: Foul Ball, location: 2F 1-2: Foul Ball, location: 2F 1-2: Foul Ball, location: 2F 1-2: Foul Ball, location: 2F 1-2: Strikes out swinging
|
Bottom of the 3rd over - 0 runs, 1 hit, 0 errors, 1 left on base; Arkansas 1 - Jackson 1 |
TOP OF THE 4TH |
Arkansas Travelers batting - Pitching for Jackson Generals : RHP Justin Lee
|
Batting: SHB Mario Padron
|
0-0: Called Strike 0-1: Swinging Strike 0-2: Ball 1-2: Strikes out swinging, 2-3 out at first.
|
Batting: LHB Barrfhionn O'Toole
|
0-0: Called Strike 0-1: Swinging Strike 0-2: Ball 1-2: Strikes out looking
|
Batting: RHB Melvin Gomez
|
0-0: Called Strike 0-1: Ball 1-1: Swinging Strike 1-2: Hit by Pitch
|
Batting: RHB Jose Pineda
|
0-0: Called Strike 0-1: Ball 1-1: Ball Melvin Gomez steals 2nd base 2-1: Foul Ball, location: 2F 2-2: Ball 3-2: Foul Ball, location: 2F 3-2: Foul Ball, location: 2F 3-2: Fly out, F9 (Flyball, 89S, EV 88.1 MPH)
|
Top of the 4th over - 0 runs, 0 hits, 0 errors, 1 left on base; Arkansas 1 - Jackson 1 |
BOTTOM OF THE 4TH |
Jackson Generals batting - Pitching for Arkansas Travelers : RHP Robbie Delgado
|
Batting: LHB Jerrod Cluck
|
0-0: Ball 1-0: Ground out 4-3 (Groundball, 4, EV 87.5 MPH)
|
Batting: LHB Cliff Thomas
|
0-0: Called Strike 0-1: Ground out 1-3 (Groundball, 34S, EV 63.8 MPH)
|
Batting: RHB Harutomi Matsubara
|
0-0: Ball 1-0: Ball 2-0: Swinging Strike 2-1: Called Strike 2-2: SINGLE (Groundball, 25, EV 75.0 MPH) (infield hit)
|
Batting: RHB Tony Vargas
|
0-0: Ball Harutomi Matsubara steals 2nd base (no throw) 1-0: Ball 2-0: Foul Ball, location: 2F 2-1: Ball 3-1: Fly out, F9 (Flyball, 9LS, EV 75.6 MPH)
|
Bottom of the 4th over - 0 runs, 1 hit, 0 errors, 1 left on base; Arkansas 1 - Jackson 1 |
TOP OF THE 5TH |
Arkansas Travelers batting - Pitching for Jackson Generals : RHP Justin Lee
|
Batting: RHB David Young
|
0-0: Swinging Strike 0-1: Foul Ball, location: 2F 0-2: Ball 1-2: Ball 2-2: Foul Ball, location: 2F 2-2: Strikes out looking
|
Batting: RHB Roberto Martinez
|
0-0: Ground out U3 (Groundball, 34S, EV 63.8 MPH)
|
Batting: RHB Jasper Burd
|
0-0: Swinging Strike 0-1: Ground out 2-3 (Groundball, 2L, EV 70.6 MPH)
|
Top of the 5th over - 0 runs, 0 hits, 0 errors, 0 left on base; Arkansas 1 - Jackson 1 |
BOTTOM OF THE 5TH |
Jackson Generals batting - Pitching for Arkansas Travelers : RHP Robbie Delgado
|
Batting: LHB Tom Reynolds
|
0-0: Called Strike 0-1: Swinging Strike 0-2: Ball 1-2: Ball 2-2: Ball 3-2: SOLO HOME RUN (Flyball, 9LD, EV 95.0 MPH), Distance : 360 ft
|
Batting: RHB Brad Robidas
|
0-0: Foul Ball, location: 2F 0-1: Ball 1-1: Swinging Strike 1-2: Ball 2-2: Ball 3-2: Fly out, F7 (Line Drive, 8LM, EV 90.6 MPH)
|
Batting: LHB Matt Purke Jr.
|
0-0: Ball 1-0: Ball 2-0: Swinging Strike 2-1: Ball 3-1: Foul Ball, location: 2F 3-2: Fly out, F8 (Line Drive, 8LD, EV 95.0 MPH)
|
Batting: RHB Malik Brookshire
|
0-0: Called Strike 0-1: Ball 1-1: Foul Ball, location: 2F 1-2: Ground out 4-3 (Groundball, 4, EV 98.1 MPH)
|
Bottom of the 5th over - 1 run, 1 hit, 0 errors, 0 left on base; Arkansas 1 - Jackson 2 |
TOP OF THE 6TH |
Arkansas Travelers batting - Pitching for Jackson Generals : RHP Justin Lee
|
Batting: RHB Bjoern Waltersson
|
0-0: Ball 1-0: Ball 2-0: Called Strike 2-1: Ground out U3 (Groundball, 3, EV 100.0 MPH)
|
Batting: LHB Matt Calitri
|
0-0: Foul Ball, location: 2F 0-1: Called Strike 0-2: Ball 1-2: Ball 2-2: Strikes out swinging
|
Batting: SHB Mario Padron
|
0-0: Called Strike 0-1: Ball 1-1: Fly out, F8 (Line Drive, 8RM, EV 96.2 MPH)
|
Top of the 6th over - 0 runs, 0 hits, 0 errors, 0 left on base; Arkansas 1 - Jackson 2 |
BOTTOM OF THE 6TH |
Jackson Generals batting - Pitching for Arkansas Travelers : RHP Robbie Delgado
|
Pitching: RHP Andino Calzaghe
|
|
Batting: LHB Ignacio Bernal
|
0-0: Swinging Strike 0-1: Foul Ball, location: 2F 0-2: Strikes out looking
|
Batting: LHB Jerrod Cluck
|
0-0: Ball 1-0: Ball 2-0: Ball 3-0: Called Strike 3-1: Called Strike 3-2: Base on Balls
|
Batting: LHB Cliff Thomas
|
0-0: Called Strike Jerrod Cluck steals 2nd base 0-1: Swinging Strike 0-2: Strikes out swinging
|
Batting: RHB Harutomi Matsubara
|
0-0: Called Strike 0-1: Ground out 2-3 (Groundball, 2R, EV 71.9 MPH)
|
Bottom of the 6th over - 0 runs, 0 hits, 0 errors, 1 left on base; Arkansas 1 - Jackson 2 |
TOP OF THE 7TH |
Arkansas Travelers batting - Pitching for Jackson Generals : RHP Justin Lee
|
Pitching: RHP Chris Gilbo
|
|
Batting: LHB Barrfhionn O'Toole
|
0-0: Ball 1-0: Called Strike 1-1: Ball 2-1: Fly out, F6 (Popup, 6, EV 58.8 MPH)
|
Batting: RHB Melvin Gomez
|
0-0: Ball 1-0: Foul Ball, location: 2F 1-1: Ball 2-1: Ground out 3-1 (Groundball, 34S, EV 86.9 MPH)
|
Batting: RHB Jose Pineda
|
0-0: Called Strike 0-1: Foul Ball, location: 2F 0-2: Foul Ball, location: 2F 0-2: Foul Ball, location: 2F 0-2: Foul Ball, location: 2F 0-2: Ball 1-2: Foul Ball, location: 2F 1-2: Ground out 6-3 (Groundball, 6, EV 90.0 MPH)
|
Top of the 7th over - 0 runs, 0 hits, 0 errors, 0 left on base; Arkansas 1 - Jackson 2 |
BOTTOM OF THE 7TH |
Jackson Generals batting - Pitching for Arkansas Travelers : RHP Andino Calzaghe
|
Batting: RHB Tony Vargas
|
0-0: Called Strike 0-1: Ball 1-1: Called Strike 1-2: Ground out 4-3 (Groundball, 4, EV 99.4 MPH)
|
Batting: LHB Tom Reynolds
|
0-0: Foul Ball, location: 2F 0-1: Ball 1-1: Called Strike 1-2: Fly out, F4 (Popup, 4M, EV 59.4 MPH)
|
Batting: RHB Brad Robidas
|
0-0: Swinging Strike 0-1: Foul Ball, location: 2F 0-2: Ball 1-2: Strikes out swinging
|
Bottom of the 7th over - 0 runs, 0 hits, 0 errors, 0 left on base; Arkansas 1 - Jackson 2 |
TOP OF THE 8TH |
Arkansas Travelers batting - Pitching for Jackson Generals : RHP Chris Gilbo
|
Pitching: RHP Mark Case
|
|
Now at 1B: Cliff Thomas
|
|
Now in RF: Joe Stading
|
|
Pinch Hitting: LHB Tyler Meier
|
0-0: Called Strike 0-1: Swinging Strike 0-2: Ball 1-2: Foul Ball, location: 2F 1-2: Strikes out swinging
|
Batting: RHB Roberto Martinez
|
0-0: Ball 1-0: Called Strike 1-1: Called Strike 1-2: Ball 2-2: Strikes out swinging
|
Batting: RHB Jasper Burd
|
0-0: Ball 1-0: Foul Ball, location: 2F 1-1: Hit by Pitch
|
Batting: RHB Bjoern Waltersson
|
0-0: Ball 1-0: Called Strike 1-1: Ball 2-1: SINGLE (Line Drive, 89S, EV 87.5 MPH) Jasper Burd to second
|
Batting: LHB Matt Calitri
|
0-0: Called Strike 0-1: Ground out 4-3 (Groundball, 4S, EV 70.6 MPH)
|
Top of the 8th over - 0 runs, 1 hit, 0 errors, 2 left on base; Arkansas 1 - Jackson 2 |
BOTTOM OF THE 8TH |
Jackson Generals batting - Pitching for Arkansas Travelers : RHP Andino Calzaghe
|
Pitching: RHP Jason Smallwood
|
|
Now at 3B: Oren Jones
|
|
Now at SS: Jasper Burd
|
|
Batting: RHB Joe Stading
|
0-0: Ball 1-0: Ball 2-0: Ball 3-0: Called Strike 3-1: Fly out, F7 (Flyball, 7LS, EV 86.2 MPH)
|
Batting: RHB Malik Brookshire
|
0-0: Called Strike 0-1: Ball 1-1: Called Strike 1-2: Fly out, F3 (Popup, 3SF, EV 84.4 MPH)
|
Batting: LHB Ignacio Bernal
|
0-0: Ball 1-0: Ball 2-0: Foul Ball, location: 2F 2-1: Ball 3-1: Ground out 4-3 (Groundball, 4, EV 83.8 MPH)
|
Bottom of the 8th over - 0 runs, 0 hits, 0 errors, 0 left on base; Arkansas 1 - Jackson 2 |
TOP OF THE 9TH |
Arkansas Travelers batting - Pitching for Jackson Generals : RHP Mark Case
|
Pitching: RHP Victor Cervantes
|
|
Batting: SHB Mario Padron
|
0-0: Ball 1-0: Foul Ball, location: 2F 1-1: Called Strike 1-2: Ball 2-2: Strikes out looking
|
Batting: LHB Barrfhionn O'Toole
|
0-0: Called Strike 0-1: Ground out 4-3 (Groundball, 4, EV 80.6 MPH)
|
Batting: RHB Melvin Gomez
|
0-0: Fly out, F7 (Flyball, 7D, EV 77.5 MPH)
|
Top of the 9th over - 0 runs, 0 hits, 0 errors, 0 left on base; Arkansas 1 - Jackson 2 |
|